← All builds
Suicide front / Armada / Factory first / OBSERVED BUILD

Standard suicide front

Armada Suicide front build order · Supreme Isthmus

The role's baseline: Bot Lab at 0:21 then straight into reclaim-fed T1 bot production to contest the middle and hold until T2 arrives, with an Advanced Metal Extractor around 9:45.

#rush · 2020 distinct matches · 232 players · 71% of Armada Suicide front games · team won 59% of 2395 · Recently observed

HOW TO PLAY IT

Key timing: Bot Lab by 0:20

  1. Open with mex and lab-first to get Bot Lab up by 0:20.
  2. Expand mex and wind while lab pumps units toward middle.
  3. Push Sentry and early Rocketeer, Centurion to contest middle.
  4. Get T2 constructor out once Pond's boost lets you spare metal.
  5. Upgrade mex to Advanced Metal Extractor as you transition off T1 spam.

Phase by phase

TYPICAL OF ITS 2020 GAMES
  1. 1
  2. 2
  3. 3
PLAY THE OPENING

Follow the example game's first 6:00 step by step: what to build now, what comes next, and where it goes. At 1× it keeps pace with your own game.

  1. 1

    Bot Lab first

    Order
    1. Bot LabBot Lab done ~0:21, middle half 0:20–0:33

    Some games also: mex (44%)

  2. 2

    Bot Lab to 5:00

    Economy
    • Metal Extractor5Mex
    • Wind Turbine4Wind
    Builders
    • Construction Bot3 Con bot
    • Lazarus2 Lazarus
    Army
    • Sentry4 Sentry
    • Rocketeer16 Rocketeer
    • Tick2 Tick
    • Centurion1 Centurion
    Other
    • Radar Tower1 Radar Tower

    Some games also: pawn (37%) · con turret (34%)

    By 5:00 in all: 5 mex · 4 wind

    The example game in this phase · 44 steps
    1. Wind
    2. TickTick
    3. Wind
    4. TickTick
    5. LazarusLazarus
    6. Construction BotCon bot
    7. Mex
    8. Construction BotCon bot
    9. Mex
    10. CenturionCenturion
    11. Mex
    12. LazarusLazarus
    13. Construction BotCon bot
    14. Mex
    15. RocketeerRocketeer
    16. SentrySentry
    17. RocketeerRocketeer
    18. Mex
    19. Wind
    20. SentrySentry
    21. RocketeerRocketeer
    22. SentrySentry
    23. Wind
    24. RocketeerRocketeer
    25. Radar TowerRadar Tower
    26. RocketeerRocketeer
    27. TickTick
    28. Wind
    29. LazarusLazarus
    30. RocketeerRocketeer
    31. SentrySentry
    32. Wind
    33. RocketeerRocketeer ×3
    34. Con turret
    35. RocketeerRocketeer
    36. TickTick
    37. LazarusLazarus
    38. RocketeerRocketeer ×2
    39. TickTick
    40. RocketeerRocketeer ×2
    41. Con turret
    42. BeamerBeamer
    43. RocketeerRocketeer
    44. LazarusLazarus
  3. 3

    5:00 to 10:00

    Economy
    • Metal Extractor1Mex
    • Wind Turbine15Wind
    Builders
    • Construction Turret2 Con turret
    • Lazarus2 Lazarus
    • Construction Bot1 Con bot
    Army
    • Sentry1 Sentry
    • Rocketeer8 Rocketeer

    Some games also: pawn (49%) · Radar Tower (46%) · tick (45%) · centurion (44%) · energy storage (43%) · eat Bot Lab (31%)

    By 10:00 in all: 6 mex · 21 wind · 1 energy storage · 2 con turret

    The example game in this phase · 181 steps
    1. Wind
    2. RocketeerRocketeer
    3. Wind
    4. GauntletGauntletdone 6:37
    5. Wind ×2
    6. RocketeerRocketeer
    7. Wind ×2
    8. TickTick
    9. RocketeerRocketeer
    10. Wind ×2
    11. RocketeerRocketeer
    12. Dragon's TeethDragon's Teeth
    13. Wind
    14. Dragon's TeethDragon's Teeth ×3
    15. Wind
    16. LazarusLazarus
    17. PawnPawn
    18. Converter
    19. PawnPawn ×2
    20. Converter
    21. PawnPawn
    22. Converter
    23. PawnPawn
    24. TickTick
    25. NettleNettle
    26. PawnPawn
    27. NettleNettle
    28. Wind ×2
    29. PawnPawn
    30. Wind
    31. LazarusLazarus
    32. Wind ×3
    33. Con turret
    34. Wind ×4
    35. Con turret
    36. TickTick
    37. Wind
    38. LazarusLazarus
    39. Wind
    40. Con turret
    41. Wind ×4
    42. LazarusLazarus
    43. Wind ×7
    44. Advanced Metal ExtractorT2 mexdone 9:16 · typical 9:46
    45. Wind ×3
    46. PawnPawn
    47. Wind ×2
    48. Advanced Metal ExtractorT2 mex
    49. Wind
    50. PawnPawn
    51. Wind
    52. Con turret
    53. Converter
    54. Wind ×3
    55. PawnPawn
    56. Wind
    57. Converter
    58. PawnPawn
    59. Advanced Metal ExtractorT2 mex
    60. Converter
    61. Con turret
    62. Converter
    63. PawnPawn
    64. Converter
    65. Con turret
    66. Converter
    67. Advanced Metal ExtractorT2 mex
    68. Converter
    69. PawnPawn
    70. Wind
    71. Converter
    72. Wind ×2
    73. PawnPawn
    74. Con turret
    75. Wind
    76. Converter
    77. Wind
    78. Converter
    79. Advanced Metal ExtractorT2 mex
    80. Energy storage
    81. PawnPawn
    82. Wind ×4
    83. Construction BotCon bot
    84. Wind
    85. Vehicle PlantVehicle Plantdone 11:04
    86. Wind ×2
    87. Con turret
    88. Wind ×9
    89. PawnPawn
    90. PincerPincer
    91. Wind ×3
    92. PincerPincer
    93. Wind ×2
    94. Vehicle PlantVehicle Plantdone 11:31
    95. Wind
    96. PincerPincer
    97. Wind
    98. PincerPincer
    99. Wind ×3
    100. PincerPincer ×2
    101. Wind ×3
    102. PincerPincer ×2
    103. Wind ×2
    104. RattlesnakeRattlesnakedone 12:19
    105. PincerPincer
    106. Wind
    107. PincerPincer ×2
    108. Converter
    109. Dragon's TeethDragon's Teeth ×3
    110. Converter
    111. PincerPincer
    112. Dragon's TeethDragon's Teeth
    113. Converter
    114. Dragon's TeethDragon's Teeth ×2
    115. Fortification WallFortification Wall
    116. Dragon's TeethDragon's Teeth
    117. PincerPincer
    118. Fortification WallFortification Wall
    119. Converter
    120. Dragon's TeethDragon's Teeth
    121. Fortification WallFortification Wall
    122. Dragon's TeethDragon's Teeth
    123. PincerPincer
    124. Dragon's TeethDragon's Teeth
    125. Vehicle PlantEat Vehicle Plantreclaimed for its metal
    126. Converter
    127. Dragon's TeethDragon's Teeth
    128. PincerPincer
    129. Dragon's TeethDragon's Teeth ×3
    130. PincerPincer
    131. Converter
    132. Dragon's TeethDragon's Teeth
    133. PincerPincer
    134. Dragon's TeethDragon's Teeth
    135. PincerPincer
    136. Converter
    137. PincerPincer
    138. Con turret
    139. PincerPincer ×2
    140. Converter
    141. PincerPincer
    142. Con turret
    143. PincerPincer ×2
    144. Con turret
    145. PincerPincer ×2
    146. Converter
    147. Construction BotCon bot
    148. Con turret
    149. PincerPincer
    150. Wind ×5
    151. Con turret
    152. Wind ×2
    153. Vehicle PlantEat Vehicle Plantreclaimed for its metal
    154. ParalyzerParalyzerdone 14:24
    155. Wind ×3
    156. Con turret
    157. Wind
    158. Con turret
    159. Wind ×5
    160. Converter
    161. Wind ×2
    162. Con turret
    163. Wind ×2
    164. Converter
    165. Wind ×4
    166. Converter
    167. Wind
    168. Fusion ReactorFusiondone 14:39
    169. Wind ×3
    170. Converter
    171. Wind ×15
    172. Converter
    173. Wind ×2
    174. TickTick
    175. Wind ×3
    176. Converter
    177. Wind ×2
    178. PawnPawn
    179. Wind ×8
    180. Converter
    181. Wind ×3

Counts are medians over the build's games: half of them build more, half fewer. The example game is [crd]sisa's (45 OS, 13/10/2026); pick another.

Team trades

IN AT LEAST 30% OF ITS GAMES

You hand over

Nothing regular.

You get

  • Tidal Generator4 Tidal from Pondfirst at 0:11 · in 68% of games
  • Advanced Construction Bot1 T2 con bot from Geo or Techfirst at 7:41 · in 57% of games

How it plays out

Typical game of this build, running totals by minute

Metal produced

010k20k
0:005:0010:0015:00

metal

Enemy metal destroyed

05k10k
0:005:0010:0015:00

metal

Own metal lost

05k10k
0:005:0010:0015:00

metal

2395 games.

Show as table
ByMetal produced: This buildEnemy metal destroyed: This buildOwn metal lost: This build
1:0023000
2:0088600
3:002007184130
4:003108643501
5:0041841352998
6:00534921831707
7:00654430512590
8:00776039353502
9:00903546904383
10:001041253145163
11:001188958585965
12:001358364066686
13:001540468757453
14:001729875038214
15:001929281099007
WHAT THE NUMBERS SAY

Standard Suicide front play wins a bit over half its games while taking the heaviest own losses of any role by 15:00.

  • + Produces 20142 metal by 15:00, highest of the front roles.
  • + First kill by 2:01 in all games, fastest contest of middle.
  • − Own metal lost hits 9178 by 15:00, more than enemy metal destroyed.
  • − Only 34% Rocketeer share shows army spread thin across many bot types.
THE EXAMPLE YOU ARE READING

[crd]sisa

44.6 OS · 13/10/2026

Open source match ↗

5 received units · includes a constructor
27 metal received · 13518 energy received

Allied construction assistance is unknown. Timings are observations, not a promise of solo reproducibility.

Typical milestones

Bot Lab0:21Middle 50%: 0:20–0:33 · n=2387
Advanced Metal Extractor9:46Middle 50%: 8:50–10:58 · n=1732

Played most by

_X_262games of this buildPlatinumBlonde188games of this buildXad165games of this buildTrapCaT109games of this buildImmort80games of this build